 Dungeon Crawl Stone Soup version 0.14.2 (webtiles) character file.

48 Amnesiac the Charlatan (level 2, -5/14 HPs)
             Began as a Spriggan Artificer on Feb 9, 2018.
             Killed themself with a badly aimed fireball (16 damage)
             ... on Level 3 of the Dungeon.
             The game lasted 00:01:11 (1024 turns).

Amnesiac the Charlatan (Spriggan Artificer)         Turns: 1024, Time: 00:01:12

HP  -5/14        AC  2     Str  7      XL: 2   Next: 34%
MP   5/5         EV 18     Int 13      God:
Gold 33          SH  0     Dex 16      Spells:  0 memorised,  1 level left

rFire  . . .     SeeInvis +     l - +0 trident
rCold  . . .     Clarity  .     e - +0 robe
rNeg   . . .     Conserve .     (shield restricted)
rPois  .         rCorr    .     (helmet restricted)
rElec  .         rRot     .     (no cloak)
SustAb . .       Spirit   .     (gloves unavailable)
rMut   .         Warding  .     (boots unavailable)
Saprov . . .     Stasis   .     (no amulet)
MR     .....                    (no ring)
                                (no ring)

@: lethally poisoned, very quick, not resistant to hostile enchantments, fairly
stealthy
A: unfitting armour, see invisible, herbivore 3, speed 3, slow metabolism 2
a: no special abilities


You were on level 3 of the Dungeon.
You were not hungry.

You visited 1 branch of the dungeon, and saw 3 of its levels.

You collected 33 gold pieces.

Inventory:

Hand weapons
 a - a +0,+0 short sword
 l - a +0,+0 trident (weapon)
Missiles
 h - 4 darts (quivered)
Armour
 e - a +0 robe (worn)
Magical devices
 b - a wand of flame (14)
 c - a wand of enslavement (15)
 d - a wand of random effects (15)
 m - a wand of fireball (5) {unknown}
Scrolls
 i - a scroll of identify {!r, unknown}
 k - a scroll of remove curse {!r, unknown}
Potions
 f - a potion of porridge {!q}
 g - a potion of invisibility {!q, unknown}
 j - a potion of heal wounds {!q, unknown}


   Skills:
 - Level 1.0 Fighting
 - Level 1.1 Short Blades
 + Level 3.4 Dodging
 - Level 1.5 Stealth
 * Level 4.8 Evocations


You had one spell level left.
You didn't know any spells.

Dungeon Overview and Level Annotations

Branches:
Dungeon (3/15)

Altars:


Innate Abilities, Weirdness & Mutations

You are tiny and cannot use many weapons and most armour.
You have supernaturally acute eyesight.
You are a herbivore.
You cover ground extremely quickly.
You need consume almost no food.


Message History

The kobold is heavily wounded.
The kobold hits you with a whip.
* * * LOW HITPOINT WARNING * * *
You hit the kobold but do no damage.
The kobold is heavily wounded.
The kobold barely misses you.
You hit the kobold.
You kill the kobold!
You have reached level 2!
Things that are here:
a whip; a dagger
h - 2 darts (gained 1)
h - 3 darts (gained 1)
h - 4 darts (gained 1)
There is a stone staircase leading down here.
You start resting.
You start resting.
You climb downwards.
Found a trident.
There is a stone staircase leading up here.
You see here a trident.
HP restored.
Found a ring mail.
k - a scroll labeled TODEL WEFF {!r} A gnoll comes into view.
It is wielding a flail.
Search for what [? for help]? tri You see here a trident.
l - a trident Search for what [Enter for "tri", or ? for help]? spe Can't find anything matching that.
Wield which item (- for none, * to show all)? (? for menu, Esc to quit)
l - a +0,+0 trident (weapon)
You open the door.
Found an escape hatch in the floor.
An adder comes into view.
There is an open door here.
You see here a glowing wooden wand.
m - a glowing wooden wand
There is an open door here.
Attack whom?
Press: ? - help, Dir - move target cursor, f - adder
Aim: an adder You reach to attack!
You barely miss the adder. The adder completely misses you.
Attack whom?
Press: ? - help, Dir - move target cursor, f/p - adder
Aim: an adder You reach to attack!
You barely miss the adder.
No target in view!
You open the door.
A worker ant comes into view.
Found 17 arrows.
You close the door.
The adder bites you.
You are poisoned.
The adder poisons you!
Evoke which item? (* to show all) (? for menu, Esc to quit)
Zapping:
m - a glowing wooden wand
Press: ? - help, Shift-Dir - straight line, f/p - adder
Aim: an adder The fireball explodes!
The fireball engulfs the adder.
You kill the adder!
The fireball engulfs you!
Ouch! That really hurt!
You die...

#.....# #.#
#..<..# #.#
#.....###### #.#
#..........#####..
#.....####........
#.....# ########.
#.....# #. ##%####
#. #@.# ## #+## #
... # .....
#...(.. #########
#....... .........
#....a..#
######### #.......
...


There were no monsters in sight!

Vanquished Creatures
  An adder (D:3)
  A giant gecko (D:2)
  A hobgoblin (D:1)
  A bat (D:2)
  4 kobolds (D:2)
8 creatures vanquished.

Notes
Turn   | Place    | Note
--------------------------------------------------------------
     0 | D:1      | Amnesiac, the Spriggan Artificer, began the quest for the Orb.
     0 | D:1      | Reached XP level 1. HP: 9/9 MP: 2/2
    42 | D:1      | Reached skill level 1 in Fighting
   723 | D:2      | Reached XP level 2. HP: 5/14 MP: 5/5
  1024 | D:3      | Killed themself with a badly aimed fireball

Action                   || total
-------------------------++-------
Melee: Short sword       ||    28
       Trident           ||     2
Evoke: Wand              ||     1
 Stab: Sleeping          ||     1
